 Dungeon Crawl Stone Soup version 0.29.1-13-g9f3cf754e1 (webtiles) character file.

Game seed: 5114892910757282807

2054 Sanktem7 the Fighter (level 9, -8/85 HPs)
             Began as a Minotaur Fighter on Jan 23, 2023.
             Was a Believer of Okawaru.
             Mangled by a komodo dragon (25 damage)
             ... on level 7 of the Dungeon.
             The game lasted 00:11:10 (6258 turns).

Sanktem7 the Fighter (Minotaur Fighter)             Turns: 6258, Time: 00:11:10

Health: -8/85      AC: 15    Str: 26    XL:     9   Next: 5%
Magic:  8/8        EV:  8    Int:  5    God:    Okawaru [**....]
Gold:   344        SH:  4    Dex:  9    Spells: 8/8 levels left

rFire   + . .      SeeInvis .   a - +0 war axe {axe}
rCold   + . .      Faith    .   c - +0 buckler
rNeg    . . .      Spirit   .   v - +0 chain mail
rPois   .          Reflect  .   (helmet restricted)
rElec   .          Harm     .   u - scarf {rC+ rF+}
rCorr   .          Rampage  .   q - +0 pair of gloves
Will    .....                   (no boots)
Stlth   ..........              (no amulet)
HPRegen 0.24/turn               k - +4 ring of protection
MPRegen 0.11/turn               (no ring)

@: no status effects
A: horns 2, retaliatory headbutt
a: Renounce Religion, Heroism


You were on level 7 of the Dungeon.
You worshipped Okawaru.
Okawaru was pleased with you.
You visited 2 branches of the dungeon, and saw 8 of its levels.

You collected 344 gold pieces.


Innate Abilities, Weirdness & Mutations

You have a pair of horns on your head.
You reflexively headbutt those who attack you in melee.


   Skills:
 * Level 9.7 Fighting
 * Level 9.3 Axes
 + Level 7.2 Armour
 - Level 3.6 Shields


You had 8 spell levels left.
You didn't know any spells.
Your spell library contained the following spells:

 Spells                   Type           Power      Damage    Failure   Level
 Freeze                   Ice            0%         1d3       98%         1
 Magic Dart               Conj           0%         1d3       98%         1
 Slow                     Hex            0%         N/A       98%         1
 Confusing Touch          Hex            0%         N/A       100%        3
 Frozen Ramparts          Ice            0%         1d1       100%        3
 Mephitic Cloud           Conj/Pois/Air  0%         N/A       100%        3
 Vampiric Draining        Necr           0%         2d6       100%        3
 Hailstorm                Conj/Ice       0%         3d3       100%        4
 Storm Form               Tmut/Air       0%         N/A       100%        7
 Maxwell's Capacitive Co  Air            0%         āˆž       100%        8
 Call Imp                 Summ           Unusable   N/A       N/A         2
 Summon Lightning Spire   Summ/Air       Unusable   N/A       N/A         4

Inventory:

Hand Weapons
 a - a +0 war axe (weapon) {axe}
 h - a +2 dagger of venom {short}
   (You took it off an orc priest on level 5 of the Dungeon)
 y - a +0 short sword of speed {short}
   (You took it off an orc on level 5 of the Dungeon)
 z - a +1 mace of draining {mace}
   (You found it on level 5 of the Dungeon)
 G - a +0 dagger of venom {short}
   (You took it off an orc on level 6 of the Dungeon)
Missiles
 o - 4 poisoned darts (quivered) {throwing}
 t - 24 stones {throwing}
Armour
 c - a +0 buckler (worn)
 q - a +0 pair of gloves (worn)
   (You found it on level 3 of the Dungeon)
 u - a scarf of resistance (worn)
   (You found it on level 3 of the Dungeon)
 v - a +0 chain mail (worn)
   (You found it on level 3 of the Dungeon)
Magical Staves
 l - a staff of fire {!astaff}
   (You found it on level 2 of the Dungeon)
Jewellery
 k - a +4 ring of protection (left hand)
   (You found it on level 4 of the Dungeon)
 A - a ring of fire
   (You found it on level 5 of the Dungeon)
 C - an amulet of the acrobat
   (You found it on level 6 of the Dungeon)
 E - a ring of see invisible
   (You found it on level 6 of the Dungeon)
 F - an amulet of reflection
   (You found it on level 6 of the Dungeon)
Wands
 b - a wand of acid (6)
   (You found it on level 4 of the Dungeon)
Scrolls
 e - 11 scrolls of identify {unknown}
 f - a scroll of fog {unknown}
 g - 2 scrolls of enchant armour {unknown}
 j - a scroll of blinking {unknown}
 n - 2 scrolls of magic mapping {unknown}
 w - 3 scrolls of teleportation {unknown}
 x - 4 scrolls of poison {unknown}
 D - a scroll of fear {unknown}
 H - 2 scrolls of immolation {unknown}
Potions
 d - 2 potions of might
 i - a potion of brilliance {unknown}
 m - a potion of curing {@q1}
 p - 2 potions of attraction {unknown}
 r - a potion of lignification {unknown}
 s - a potion of mutation {unknown}
 B - a potion of cancellation {unknown}

Dungeon Overview and Level Annotations

Branches:
Dungeon (7/15) Zot: 26247  Temple (1/1) D:4 Zot: 5890

Altars:
Cheibriados
Elyvilon
Fedhas
Gozag
Kikubaaqudgha
Makhleb
Nemelex Xobeh
Okawaru
Qazlal
Ru
Sif Muna
Trog
Uskayaw
Yredelemnul
Zin
The Shining One

##. #.. ##.. ######
###... ###P...#
#.#... #......##
#..... #......#
##.... #....l.#
##..... ##@ā€ #
##...... .. ##lā€
.# ##...##..
....###.####
####..####..
#.......# #....##
##.. #..####.##
#...## ##... #.
##.## ##...# ##....
##.#
#..####...####.....
#..#
##.........#......#
#..#
#.................


You could see a komodo dragon and an iguana.


Message History

You hear an angry hiss. x2 šŸ˜Ž HP[+8]
Your hp is fully restored (85).
You hear an angry hiss.
An iguana is nearby!
A frilled lizard comes into view.
The frilled lizard hisses angrily.
The iguana barely misses you.
You hear an angry hiss.
You slash the iguana! You hit the plant.
The plant begins to die.
The iguana bites you but does no damage.
You slash the iguana!
You kill the iguana!
Okawaru accepts your kill.
You slash the plant! 2 frilled lizards and a komodo dragon come into view.
The frilled lizard hisses angrily. x2; The komodo dragon hisses angrily.
A nearby plant withers and dies. x2; Something bites the plant.
The frilled lizard bites you but does no damage.
You see here an iguana corpse.
You closely miss the frilled lizard. You hit the plant.
A nearby plant withers and dies. x3
A frilled lizard comes into view. x2
The frilled lizard bites you but does no damage.
You closely miss the frilled lizard.
The frilled lizard hisses angrily.
The frilled lizard bites the plant.
The plant begins to die.
An iguana comes into view.
You block the frilled lizard's attack.
You closely miss the frilled lizard.
The frilled lizard bites you but does no damage.
You hit the komodo dragon but do no damage.
You hit the frilled lizard.
You kill the frilled lizard!
The komodo dragon bites you!
The frilled lizard bites the plant.
The plant begins to die.
The frilled lizard bites the plant.
The komodo dragon bites you but does no damage. šŸ˜• HP[-9]
You take 9 damage, and now have 76/85 hp.
You completely miss the komodo dragon. You miss the frilled lizard.
The frilled lizard bites the plant.
The komodo dragon bites you!! šŸ˜® HP[-21]
You take 21 damage, and now have 55/85 hp.
MASSIVE DAMAGE!! (PAUSE)
You slash the komodo dragon! Your headbutt misses the komodo dragon.
You hit the frilled lizard.
You kill the frilled lizard!
Okawaru accepts your kill.
A nearby plant withers and dies.
The iguana hisses menacingly.
The frilled lizard bites the plant.
The frilled lizard barely misses you. You furiously retaliate!
You headbutt the frilled lizard!
You kill the frilled lizard!
The iguana closely misses you.
The frilled lizard bites you but does no damage.
The frilled lizard bites the plant.
The komodo dragon bites you but does no damage.
You barely miss the iguana. You hit the plant but do no damage.
You slash the frilled lizard!
You kill the frilled lizard!
Okawaru accepts your kill.
You hit the komodo dragon.
A nearby plant withers and dies.
The iguana bites you! The komodo dragon bites you!
* * * LOW HITPOINT WARNING * * *
šŸ˜Ø HP[-17]
You take 17 damage, and now have 38/85 hp.
You hit the komodo dragon. You closely miss the iguana.
You hit the frilled lizard.
You kill the frilled lizard!
Okawaru accepts your kill. The iguana barely misses you.
The komodo dragon bites you!!
* * * LOW HITPOINT WARNING * * *
šŸ˜± HP[-19]
You take 19 damage, and now have 19/85 hp.
MASSIVE DAMAGE!! (PAUSE)
You barely miss the komodo dragon. You hit the iguana but do no damage.
You block the iguana's attack. The komodo dragon bites you!
* * * LOW HITPOINT WARNING * * *
You block the iguana's attack. šŸ˜± HP[-13]
You take 13 damage, and now have 6/85 hp.
You closely miss the komodo dragon. Your headbutt misses the komodo dragon.
You hit the iguana but do no damage. The komodo dragon closely misses you.
The iguana misses you. You furiously retaliate!
You headbutt the iguana, but do no damage.
You closely miss the iguana.
You hit the komodo dragon but do no damage.
You block the komodo dragon's attack.
The iguana bites you but does no damage. šŸ˜± HP[+1]
Okay, then.
It was a potion of curing.
You feel better.
The komodo dragon bites you but does no damage.
The iguana barely misses you. šŸ˜± HP[+10]
You regained 10 hp, and now have 17/85 hp.
You slash the komodo dragon! You headbutt the komodo dragon.
You hit the iguana. The komodo dragon bites you!!
You die...

Skill      XL: |  1  2  3  4  5  6  7  8 |
---------------+-------------------------+-----
Fighting       | 4 5 6 7 9 |  9.7
Axes           | 3 4 5 6 7 9 |  9.3
Armour         | 4 5 6 7 |  7.2
Shields        | |  3.6

Action                   |  1- 3 |  4- 6 |  7- 9 || total
-------------------------+-------+-------+-------++-------
Melee: War axe           |    40 |   153 |   180 ||   373
       Headbutt          |     6 |    24 |    22 ||    52
  Use: Potion            |       |       |     1 ||     1
Armor: Scale mail        |    26 |    55 |       ||    81
       Chain mail        |       |    29 |   104 ||   133
Dodge: Dodged            |    15 |    65 |    63 ||   143
Block: Buckler           |     7 |    38 |    22 ||    67

Levels and vault maps discovered:
D:1:      minmay_arrival_open_corners, layout_basic
D:2:      layout_rooms, grunt_ministairs_14, nrook_campfire, minmay_rat_hole,
          uniq_jessica, uniq_terence
D:3:      layout_loops_cross, portal_sewer_entry_d,
          hellmonk_ecumenical_altar_pennies_from_heaven
D:4:      layout_rooms, minmay_temple_entry_glass, due_unseen_surprise,
          uniq_robin, uniq_blork_the_orc
D:5:      layout_loops_ring, uniq_grinder, uniq_prince_ribbit1
D:6:      layout_gridville, nicolae_benzene_ring
D:7:      layout_layer_cave, minmay_lizard_king
Temple:   nicolae_temple_bog_church

Notes
Turn   | Place    | Note
-------+----------+-------------------------------------------
     0 | D:1      | Sanktem7 the Minotaur Fighter began the quest for the Orb.
     0 | D:1      | Reached XP level 1. HP: 19/19 MP: 0/0
     0 | D:1      | magus.rc [v1.9.6]
   460 | D:1      | Reached XP level 2. HP: 20/27 MP: 1/1
   461 | D:1      | Reached skill level 4 in Fighting
   563 | D:2      | Noticed Jessica
   568 | D:2      | Reached skill level 3 in Axes
   576 | D:2      | Killed Jessica
   577 | D:2      | Reached skill level 4 in Armour
   577 | D:2      | Reached XP level 3. HP: 13/34 MP: 2/2
   788 | D:2      | You pick up a book of Minor Magic and begin reading...
   788 | D:2      | You add the spells Magic Dart, Call Imp and Mephitic Cloud
                  | to your library.
  1004 | D:2      | Reached XP level 4. HP: 41/41 MP: 3/3
  1021 | D:2      | Reached skill level 4 in Axes
  1233 | D:2      | You pick up a book of Debilitation and begin reading...
  1233 | D:2      | You add the spells Slow, Vampiric Draining and Confusing
                  | Touch to your library.
  1323 | D:2      | Reached skill level 5 in Fighting
  1333 | D:2      | Noticed Terence
  1336 | D:2      | Killed Terence
  1462 | D:3      | Reached XP level 5. HP: 48/48 MP: 4/4
  1769 | D:3      | Reached skill level 5 in Axes
  1904 | D:3      | Reached XP level 6. HP: 54/57 MP: 5/5
  1957 | D:3      | Found a faded altar of an unknown god.
  1968 | D:3      | Reached skill level 6 in Fighting
  2550 | D:4      | Reached skill level 5 in Armour
  2642 | D:4      | Found a staircase to the Ecumenical Temple.
  2653 | Temple   | Entered the Ecumenical Temple
  2737 | Temple   | Became a worshipper of Warmaster Okawaru
  2787 | D:4      | Noticed Robin
  2799 | D:4      | Killed Robin
  2929 | D:4      | Noticed Blork the orc
  2938 | D:4      | Killed Blork the orc
  2939 | D:4      | Reached skill level 6 in Axes
  2939 | D:4      | Reached XP level 7. HP: 39/64 MP: 6/6
  3274 | D:4      | You pick up a book of Frost and begin reading...
  3274 | D:4      | You add the spells Freeze, Frozen Ramparts and Hailstorm to
                  | your library.
  3363 | D:5      | Entered Level 5 of the Dungeon
  3375 | D:5      | Reached * piety under Okawaru
  3418 | D:5      | Reached skill level 7 in Fighting
  3477 | D:5      | Noticed Prince Ribbit
  3493 | D:5      | Killed Prince Ribbit
  3494 | D:5      | Reached skill level 7 in Axes
  3861 | D:5      | Reached skill level 6 in Armour
  3913 | D:5      | Reached XP level 8. HP: 57/74 MP: 7/7
  4251 | D:5      | Noticed Grinder
  4265 | D:5      | Reached skill level 8 in Fighting
  4266 | D:5      | Paralysed by Grinder for 2 turns
  4270 | D:5      | Paralysed by Grinder for 5 turns
  4285 | D:5      | Paralysed by Grinder for 4 turns
  4291 | D:5      | Paralysed by Grinder for 4 turns
  4297 | D:5      | Killed Grinder
  4297 | D:5      | Reached ** piety under Okawaru
  4298 | D:5      | Reached skill level 8 in Axes
  4873 | D:6      | Reached skill level 9 in Fighting
  5343 | D:6      | Reached skill level 7 in Armour
  5382 | D:6      | Reached skill level 9 in Axes
  5522 | D:7      | You pick up a book of the Sky and begin reading...
  5522 | D:7      | You add the spells Storm Form and Maxwell's Capacitive
                  | Coupling to your library.
  6045 | D:7      | Reached XP level 9. HP: 76/85 MP: 8/8
  6244 | D:7      | Noticed a komodo dragon
  6253 | D:7      | HP: 19/85 [komodo dragon (19)]
  6254 | D:7      | HP: 6/85 [komodo dragon (13)]
  6258 | D:7      | Mangled by a komodo dragon

Vanquished Creatures
  Grinder (D:5)
  Prince Ribbit (D:5)
  2 ice beasts (D:6)
  A sky beast (D:7)
  2 black bears (D:6)
  An ogre (D:5)
  A phantom (D:5)
  Blork the orc (D:4)
  2 scorpions
  A hound (D:7)
  5 orc priests
  4 jellies
  Jessica (D:2)
  5 iguanas
  Terence (D:2)
  3 orc wizards
  Robin (D:4)
  10 adders
  2 shadow imps
  4 white imps
  3 worms
  2 dart slugs
  23 orcs
  6 bats
  7 endoplasms
  2 giant cockroaches
  16 goblins
  9 hobgoblins
  3 jackals (D:1)
  5 quokkas
  7 ball pythons
  6 frilled lizards
  7 kobolds
  24 rats
169 creatures vanquished.

Vanquished Creatures (others)
  9 plants (D:7)
9 creatures vanquished.

Grand Total: 178 creatures vanquished

Table legend:
 A = Non-vault XP
 B = Vault XP
 C = Vault XP percentage of total XP
 D = Non-vault monster count
 E = Vault monster count
 F = Vault count percentage of total count
                 A         B        C        D         E       F
            +---------+---------+-------+---------+---------+-------
      Total |    2077 |     858 |  29.2 |     123 |      46 |  27.2
            +---------+---------+-------+---------+---------+-------
        D:1 |      15 |       0 |   0.0 |       9 |       0 |   0.0
        D:2 |      73 |      99 |  57.6 |      21 |      23 |  52.3
        D:3 |     285 |      14 |   4.7 |      30 |       1 |   3.2
        D:4 |     173 |     129 |  42.7 |      14 |      14 |  50.0
        D:5 |     430 |     572 |  57.1 |      21 |       2 |   8.7
        D:6 |     745 |       0 |   0.0 |      20 |       0 |   0.0
        D:7 |     356 |      44 |  11.0 |       8 |       6 |  42.9
            +---------+---------+-------+---------+---------+-------

Illustrated notes

Table legend:
 A = Kills in this place as a percentage of kills in entire the game.
 B = Kills by you in this place as a percentage of kills by you in the entire game.
 C = Kills by friends in this place as a percentage of kills by friends in the entire game.
 D = Other kills in this place as a percentage of other kills in the entire game.
 E = Experience gained in this place as a percentage of experience gained in the entire game.
 F = Experience gained in this place divided by the number of levels of this place that you have seen.
                   A       B       C       D       E      F
               +-------+-------+-------+-------+-------+----------------------
         Total | 100.0 | 100.0 |   N/A |   N/A | 100.0 | 366.9
       Dungeon | 100.0 | 100.0 |   N/A |   N/A | 100.0 | 419.3
               +-------+-------+-------+-------+-------+----------------------

Table legend: (Time is in decaauts)
 A = Elapsed time spent in this place.
 B = Non-inter-level travel time spent in this place.
 C = Inter-level travel time spent in this place.
 D = Time resting spent in this place.
 E = Time spent auto-exploring this place.
 F = Levels seen in this place.
 G = Mean time per level.
                   A        B        C        D        E       F      G
               +--------+--------+--------+--------+--------+-----+--------+
         Total |   6360 |   6200 |    160 |      0 |   5105 |   8 |  795.0 |
       Dungeon |   6250 |   6090 |    160 |      0 |   5031 |   7 |  892.9 |
        Temple |    109 |    109 |      0 |      0 |     73 |   1 |  109.0 |
               +--------+--------+--------+--------+--------+-----+--------+

Top non-repeatable levels by time:
     D:5: 1311 daAuts
     D:3: 1103 daAuts
     D:2: 889 daAuts
     D:6: 855 daAuts
     D:4: 771 daAuts
     D:7: 751 daAuts
     D:1: 567 daAuts
  Temple: 109 daAuts
